Canadiens vs Rangers

Created - 12 avril 2021 at 20:06

Goals
1 2 3 T
Canadiens 0 0 2 2
Rangers 0 0 0 0
Shots
1 2 3 T
Canadiens 7 8 11 26
Rangers 14 7 5 26

1st period

No Goal

Penalties :
No Penalty

2nd period

No Goal

Penalties :
Matt Niskanen (NYR) for Hooking (Minor) at 19:52

3rd period

1. Canadiens , Auston Matthews 3 (Patrick Kane 6, Ivan Provorov 3) at 16:15 (PP)
2. Canadiens , Cam Fowler 3 (Loui Eriksson 1, Ivan Provorov 4) at 19:21 (Empty Net)

Penalties :
Erik Cernak (NYR) for Tripping (Minor) at 2:05, Nate Schmidt (MTL) for High sticking (Minor) at 4:48, Matt Niskanen (NYR) for Roughing (Double Minor) at 13:52, David Savard (NYR) for Tripping (Minor) at 13:57

Goalie Stats

Tuukka Rask (MTL), 26 saves from 26 shots - (1,000), W, 4-1-2, 60:00 minutes
Joonas Korpisalo (NYR), 13 saves from 13 shots - (1,000), 29:12 minutes
Andrei Vasilevskiy (NYR), 11 saves from 12 shots - (0,917), L, 2-4-0, 30:27 minutes

Players Stats for Canadiens

Player Name              G  A  P  +/- PIM S  H  SB GA TA FO     MP     PP MP  PK MP  
------------------------------------------------------------------------------------
Artturi Lehkonen         0  0  0   0  0   0  2  0  0  0  0/0     7:14   0:00   0:48 
Auston Matthews          1  0  1   0  0   1  0  0  0  0  12/21  21:50   3:40   0:00 
Cam Fowler               1  0  1   1  0   1  0  1  0  0  0/0    23:37   3:40   0:53 
Colin White              0  0  0   1  0   0  2  0  0  0  5/13   12:43   0:00   0:00 
Danny DeKeyser           0  0  0   0  0   0  0  3  0  0  0/0    16:15   0:00   1:06 
David Krejci             0  0  0   0  0   1  2  0  0  0  11/20  17:02   2:41   0:00 
Ilya Kovalchuk           0  0  0   0  0   3  0  0  0  0  0/0    17:02   2:41   0:00 
Ivan Provorov            0  2  2   1  0   3  4  1  0  0  0/0    24:47   3:40   0:48 
Jakob Silfverberg        0  0  0   0  0   4  0  0  0  0  1/2    17:50   2:41   0:48 
Josh Morrissey           0  0  0   0  0   1  1  1  0  0  0/0    21:19   2:41   1:11 
Loui Eriksson            0  1  1   1  0   1  0  0  0  0  0/0     7:54   0:00   1:11 
Nate Schmidt             0  0  0   0  2   0  2  0  0  0  0/0    18:52   2:41   0:00 
Nick Shore               0  0  0   1  0   1  0  0  0  0  6/11    7:54   0:00   1:11 
Patrick Kane             0  1  1   0  0   5  3  0  0  0  1/3    21:50   3:40   0:00 
Teuvo Teravainen         0  0  0   0  0   2  1  0  0  0  0/0    21:50   3:40   0:00 
Travis Sanheim           0  0  0   0  0   0  0  0  0  0  0/0    15:09   0:00   0:00 
Tyler Ennis              0  0  0   0  0   2  2  0  0  0  0/1    12:26   0:00   0:00 
Valeri Nichushkin        0  0  0   0  0   1  0  0  0  0  0/0    12:26   0:00   0:00 

Players Stats for Rangers

Player Name              G  A  P  +/- PIM S  H  SB GA TA FO     MP     PP MP  PK MP  
------------------------------------------------------------------------------------
Alexander Radulov        0  0  0  -1  0   4  3  0  0  0  0/0    19:01   0:56   0:00 
Andrew Ladd              0  0  0  -1  0   0  0  0  0  0  0/0    11:38   0:56   0:00 
Brandon Pirri            0  0  0   0  0   1  1  0  0  0  4/11    8:34   0:00   0:00 
Cal Clutterbuck          0  0  0   0  0   0  1  0  0  0  0/0    12:16   0:00   1:47 
Cam Atkinson             0  0  0   0  0   1  1  0  0  0  0/2    15:37   0:56   0:09 
Connor McDavid           0  0  0  -1  0   1  0  0  0  0  12/19  19:01   0:56   0:00 
David Savard             0  0  0  -1  2   0  3  2  0  0  0/0    19:15   0:00   2:10 
Devin Shore              0  0  0   0  0   0  0  1  0  0  0/0     8:38   0:00   0:00 
Dmitry Kulikov           0  0  0   0  0   3  3  0  0  0  0/0    15:16   0:00   0:22 
Erik Cernak              0  0  0   0  2   0  4  2  0  0  0/0    16:40   0:00   1:47 
Matt Niskanen            0  0  0   0  6   0  3  3  0  0  0/0    21:49   1:03   1:07 
Milan Lucic              0  0  0   0  0   1  2  0  0  0  0/0     8:34   0:00   0:00 
Nick Bonino              0  0  0   0  0   4  0  0  0  0  6/18   14:11   0:00   3:42 
Nick Leddy               0  0  0   0  0   2  2  1  0  0  0/0    24:35   1:03   3:51 
Noel Acciari             0  0  0   0  0   2  0  1  0  0  0/0    18:44   1:03   3:09 
Ryan McDonagh            0  0  0  -1  0   0  2  0  0  0  0/0    21:25   0:56   3:24 
Vincent Trocheck         0  0  0   0  0   5  1  0  0  0  12/18  17:31   1:03   1:56 
Zach Hyman               0  0  0   0  0   2  2  0  0  0  1/3    18:51   1:03   0:00 

3 Stars

1 - Tuukka Rask (MTL)
2 - Ivan Provorov (MTL)
3 - Cam Fowler (MTL)

Power Play

Canadiens - 1 on 5 Attempt(s) - 20,00%
Rangers - 0 on 1 Attempt(s) - 0,00%

Penalty Kill

Canadiens - 1 on 1 Attempt(s) - 100,00% - Score 0 goal in Penalty Kill
Rangers - 4 on 5 Attempt(s) - 80,00% - Score 0 goal in Penalty Kill

Team Stat

Canadiens - Hits : 19 - Faceoff Wins : 36 - Blocked Shots : 6 - Penalty Minutes : 2
Rangers - Hits : 28 - Faceoff Wins : 35 - Blocked Shots : 10 - Penalty Minutes : 10

Official

Referees : Brett Roeland and TJ Luxmore
Linesman : Neil Campbell and Travis Gawryletz

Game Notes

Joonas Korpisalo is injured at 9:12 of 2nd period (Bruised Right Leg)
Andrei Vasilevskiy enters game at 9:12 of 2nd period
Cam Fowler has scored in a empty net!

Finance

Level 1 -- Attendance: 3192 (49,11%) -- Ticket Income 798 000 $
Level 2 -- Attendance: 2479 (49,58%) -- Ticket Income 446 220 $
Level 3 -- Attendance: 1843 (52,66%) -- Ticket Income 221 160 $
Level 4 -- Attendance: 2006 (100,00%) -- Ticket Income 100 300 $
Luxury Box -- Attendance: 575 (57,50%) -- Ticket Income 230 000 $
Game was played at the Madison Square Garden.
Total Attendance: 10095 (56,06%)
Total Ticket Income: 1 795 680 $
Other Income: 879 883 $
Total Income: 2 675 563 $

% Time on Ice - Canadiens

Lines # - Real PCT - Wanted PCT - Time Play
Normal Forward
1 - 35% - 40% - 18:10
2 - 28% - 30% - 14:21
3 - 24% - 20% - 12:26
4 - 13% - 10% - 6:26
Normal Defense
1 - 37% - 40% - 18:47
2 - 30% - 30% - 15:30
3 - 29% - 20% - 15:09
4 - 4% - 10% - 1:57
PP Forward
1 - 58% - 60% - 3:40
2 - 42% - 40% - 2:41
PP Defense
1 - 58% - 60% - 3:40
2 - 42% - 40% - 2:41
PK Forward
1 - 60% - 60% - 1:11
2 - 40% - 40% - 0:48
PK Defense
1 - 40% - 60% - 0:48
2 - 60% - 40% - 1:11
PK3 Forward
1 - 0% - 60%
2 - 0% - 40%
PK3 Defense
1 - 0% - 60%
2 - 0% - 40%
44 Forward
1 - 0% - 60%
2 - 0% - 40%
44 Defense
1 - 0% - 60%
2 - 0% - 40%
Last Minute Offensive  - 0:00
Last Minute Defensive  - 0:17
Total
Forward - 60:00
Defense - 60:00

% Time on Ice - Rangers

Lines # - Real PCT - Wanted PCT - Time Play
Normal Forward
1 - 35% - 43% - 17:48
2 - 28% - 33% - 14:32
3 - 20% - 15% - 10:29
4 - 17% - 9% - 8:34
Normal Defense
1 - 38% - 44% - 19:41
2 - 33% - 33% - 16:48
3 - 29% - 23% - 14:54
4 - 0% - 0% - 0:00
PP Forward
1 - 47% - 53% - 0:56
2 - 53% - 47% - 1:03
PP Defense
1 - 53% - 53% - 1:03
2 - 47% - 47% - 0:56
PK Forward
1 - 56% - 55% - 2:26
2 - 44% - 45% - 1:56
PK Defense
1 - 72% - 55% - 3:09
2 - 28% - 45% - 1:13
PK3 Forward
1 - 64% - 55% - 1:16
2 - 36% - 45% - 0:43
PK3 Defense
1 - 62% - 55% - 1:14
2 - 38% - 45% - 0:45
44 Forward
1 - 0% - 55%
2 - 0% - 45%
44 Defense
1 - 0% - 55%
2 - 0% - 45%
Last Minute Offensive  - 0:17
Last Minute Defensive  - 0:00
Total
Forward - 60:00
Defense - 60:00

Play-by-Play

1st period


0:01 of 1st period - Connor McDavid wins face-off versus Patrick Kane in neutral zone.
0:10 of 1st period - Shot by Zach Hyman.
0:10 of 1st period - Stopped by Tuukka Rask without a rebound.
0:11 of 1st period - Vincent Trocheck wins face-off versus David Krejci in Canadiens zone.
0:11 of 1st period - Vincent Trocheck is hit by Nate Schmidt.
0:21 of 1st period - Shot by Noel Acciari.
0:21 of 1st period - Stopped by Tuukka Rask without a rebound.
0:22 of 1st period - Colin White wins face-off versus Nick Bonino in Canadiens zone.
0:55 of 1st period - Shot by Nick Bonino.
0:55 of 1st period - Stopped by Tuukka Rask with a rebound.
0:57 of 1st period - Shot by Nick Bonino.
0:57 of 1st period - Shot Blocked by Danny DeKeyser.
1:01 of 1st period - Shot by Nick Bonino.
1:01 of 1st period - Shot Blocked by Danny DeKeyser.
1:08 of 1st period - Icing by Danny DeKeyser.
1:09 of 1st period - Connor McDavid wins face-off versus Colin White in Canadiens zone.
1:30 of 1st period - Shot by Alexander Radulov.
1:30 of 1st period - Stopped by Tuukka Rask with a rebound.
1:36 of 1st period - Shot by Connor McDavid.
1:36 of 1st period - Shot Misses the Net.
2:01 of 1st period - Off-side.
2:02 of 1st period - Vincent Trocheck wins face-off versus Auston Matthews in neutral zone.
2:05 of 1st period - Shot by Noel Acciari.
2:05 of 1st period - Shot Misses the Net.
2:14 of 1st period - Vincent Trocheck is hit by Ivan Provorov.
2:20 of 1st period - Shot by Vincent Trocheck.
2:20 of 1st period - Deflect By Cam Atkinson.
2:20 of 1st period - Stopped by Tuukka Rask without a rebound.
2:21 of 1st period - Brandon Pirri wins face-off versus David Krejci in Canadiens zone.
2:53 of 1st period - Shot by Ilya Kovalchuk.
2:53 of 1st period - Stopped by Joonas Korpisalo without a rebound.
2:54 of 1st period - Vincent Trocheck wins face-off versus Auston Matthews in Rangers zone.
3:01 of 1st period - Shot by Vincent Trocheck.
3:01 of 1st period - Stopped by Tuukka Rask without a rebound.
3:02 of 1st period - Auston Matthews wins face-off versus Vincent Trocheck in Canadiens zone.
3:19 of 1st period - Shot by Auston Matthews.
3:19 of 1st period - Shot Blocked by David Savard.
3:27 of 1st period - Shot by Patrick Kane.
3:27 of 1st period - Stopped by Joonas Korpisalo with a rebound.
3:29 of 1st period - Shot by Ivan Provorov.
3:29 of 1st period - Stopped by Joonas Korpisalo with a rebound.
5:16 of 1st period - Shot by Cal Clutterbuck.
5:16 of 1st period - Shot Misses the Net.
5:43 of 1st period - Cal Clutterbuck is hit by Colin White and loses puck.
5:47 of 1st period - Icing by Dmitry Kulikov.
5:48 of 1st period - Auston Matthews wins face-off versus Nick Bonino in Rangers zone.
6:03 of 1st period - Patrick Kane is hit by Cal Clutterbuck and loses puck.
6:28 of 1st period - Noel Acciari is hit by Patrick Kane.
6:48 of 1st period - Shot by Vincent Trocheck.
6:48 of 1st period - Stopped by Tuukka Rask without a rebound.
6:49 of 1st period - Zach Hyman wins face-off versus David Krejci in Canadiens zone.
6:52 of 1st period - Shot by Alexander Radulov.
6:52 of 1st period - Stopped by Tuukka Rask with a rebound.
6:54 of 1st period - Shot by Zach Hyman.
6:54 of 1st period - Stopped by Tuukka Rask with a rebound.
6:56 of 1st period - Shot by Nick Leddy.
6:56 of 1st period - Stopped by Tuukka Rask without a rebound.
6:57 of 1st period - Connor McDavid wins face-off versus Jakob Silfverberg in Canadiens zone.
7:16 of 1st period - Shot by Zach Hyman.
7:16 of 1st period - Shot Blocked by Cam Fowler.
7:20 of 1st period - Shot by Connor McDavid.
7:20 of 1st period - Shot Blocked by Ivan Provorov.
7:22 of 1st period - Shot by Alexander Radulov.
7:22 of 1st period - Stopped by Tuukka Rask without a rebound.
7:23 of 1st period - Nick Shore wins face-off versus Brandon Pirri in Canadiens zone.
7:31 of 1st period - Icing by David Savard.
7:32 of 1st period - Colin White wins face-off versus Brandon Pirri in Rangers zone.
8:01 of 1st period - Shot by Valeri Nichushkin.
8:01 of 1st period - Shot Misses the Net.
8:21 of 1st period - David Savard is hit by Teuvo Teravainen and loses puck.
8:57 of 1st period - Shot by Nick Leddy.
8:57 of 1st period - Stopped by Tuukka Rask without a rebound.
8:58 of 1st period - Vincent Trocheck wins face-off versus David Krejci in Canadiens zone.
9:07 of 1st period - Shot by Vincent Trocheck.
9:07 of 1st period - Stopped by Tuukka Rask without a rebound.
9:08 of 1st period - Nick Shore wins face-off versus Nick Bonino in Canadiens zone.
9:32 of 1st period - Icing by Andrew Ladd.
9:33 of 1st period - Auston Matthews wins face-off versus Nick Bonino in Rangers zone.
9:38 of 1st period - Shot by Patrick Kane.
9:38 of 1st period - Shot Blocked by Matt Niskanen.
10:33 of 1st period - Shot by Jakob Silfverberg.
10:33 of 1st period - Stopped by Joonas Korpisalo with a rebound.
11:03 of 1st period - Shot by Jakob Silfverberg.
11:03 of 1st period - Shot Blocked by David Savard.
11:26 of 1st period - Off-side.
11:27 of 1st period - Colin White wins face-off versus Vincent Trocheck in neutral zone.
12:02 of 1st period - Shot by Tyler Ennis.
12:02 of 1st period - Stopped by Joonas Korpisalo without a rebound.
12:03 of 1st period - Brandon Pirri wins face-off versus Auston Matthews in Rangers zone.
12:03 of 1st period - Brandon Pirri is hit by Patrick Kane.
12:08 of 1st period - Nick Leddy is hit by Ivan Provorov and loses puck.
13:06 of 1st period - Patrick Kane is hit by Erik Cernak and loses puck.
14:04 of 1st period - Shot by Ilya Kovalchuk.
14:04 of 1st period - Shot Misses the Net.
14:06 of 1st period - Shot by Ilya Kovalchuk.
14:06 of 1st period - Shot Misses the Net.
16:41 of 1st period - Shot by Patrick Kane.
16:41 of 1st period - Stopped by Joonas Korpisalo with a rebound.
16:43 of 1st period - Shot by Auston Matthews.
16:43 of 1st period - Deflect By Patrick Kane.
16:43 of 1st period - Shot Misses the Net.
17:28 of 1st period - Shot by Nick Shore.
17:28 of 1st period - Shot Misses the Net.
18:04 of 1st period - Off-side.
18:05 of 1st period - David Krejci wins face-off versus Connor McDavid in neutral zone.
18:14 of 1st period - Shot by Jakob Silfverberg.
18:14 of 1st period - Shot Misses the Net.
19:24 of 1st period - Shot by Patrick Kane.
19:24 of 1st period - Shot Misses the Net.
19:40 of 1st period - Shot by Teuvo Teravainen.
19:40 of 1st period - Stopped by Joonas Korpisalo without a rebound.
19:41 of 1st period - Vincent Trocheck wins face-off versus Nick Shore in Rangers zone.
19:41 of 1st period - Vincent Trocheck is hit by Artturi Lehkonen.
19:53 of 1st period - Shot by Dmitry Kulikov.
19:53 of 1st period - Stopped by Tuukka Rask without a rebound.
19:54 of 1st period - David Krejci wins face-off versus Brandon Pirri in Canadiens zone.
Goals for this period are 0 for Canadiens vs 0 for Rangers.
Shots for this period are 7 for Canadiens vs 14 for Rangers.

2nd period


0:01 of 2nd period - Auston Matthews wins face-off versus Vincent Trocheck in neutral zone.
0:42 of 2nd period - Shot by Auston Matthews.
0:42 of 2nd period - Shot Misses the Net.
1:28 of 2nd period - David Krejci is hit by David Savard and loses puck.
1:40 of 2nd period - Valeri Nichushkin is hit by David Savard and loses puck.
1:48 of 2nd period - Icing by Ryan McDonagh.
1:49 of 2nd period - Nick Shore wins face-off versus Connor McDavid in Rangers zone.
2:16 of 2nd period - Shot by Artturi Lehkonen.
2:16 of 2nd period - Shot Misses the Net.
2:31 of 2nd period - Icing by David Savard.
2:32 of 2nd period - Connor McDavid wins face-off versus Auston Matthews in Rangers zone.
2:39 of 2nd period - Nate Schmidt is hit by Alexander Radulov and loses puck.
3:02 of 2nd period - Shot by Nick Bonino.
3:02 of 2nd period - Shot Blocked by Josh Morrissey.
3:04 of 2nd period - Shot by Nick Bonino.
3:04 of 2nd period - Shot Misses the Net.
3:06 of 2nd period - Shot by Nick Bonino.
3:06 of 2nd period - Stopped by Tuukka Rask with a rebound.
3:08 of 2nd period - Shot by Cal Clutterbuck.
3:08 of 2nd period - Shot Misses the Net.
3:10 of 2nd period - Shot by Dmitry Kulikov.
3:10 of 2nd period - Stopped by Tuukka Rask without a rebound.
3:11 of 2nd period - David Krejci wins face-off versus Brandon Pirri in Canadiens zone.
3:24 of 2nd period - Shot by David Krejci.
3:24 of 2nd period - Stopped by Joonas Korpisalo without a rebound.
3:25 of 2nd period - Vincent Trocheck wins face-off versus Colin White in Rangers zone.
4:01 of 2nd period - Shot by Noel Acciari.
4:01 of 2nd period - Shot Misses the Net.
4:03 of 2nd period - Shot by Noel Acciari.
4:03 of 2nd period - Stopped by Tuukka Rask without a rebound.
4:04 of 2nd period - Auston Matthews wins face-off versus Brandon Pirri in Canadiens zone.
4:04 of 2nd period - Auston Matthews is hit by Milan Lucic.
4:12 of 2nd period - Nate Schmidt is hit by Milan Lucic and loses puck.
4:23 of 2nd period - Shot by Auston Matthews.
4:23 of 2nd period - Deflect By Patrick Kane.
4:23 of 2nd period - Shot Blocked by Matt Niskanen.
4:41 of 2nd period - Shot by Teuvo Teravainen.
4:41 of 2nd period - Shot Blocked by Matt Niskanen.
5:16 of 2nd period - Ilya Kovalchuk is hit by Ryan McDonagh and loses puck.
5:34 of 2nd period - David Krejci is hit by Ryan McDonagh and loses puck.
5:42 of 2nd period - Icing by Ryan McDonagh.
5:43 of 2nd period - Connor McDavid wins face-off versus Colin White in Rangers zone.
6:08 of 2nd period - Shot by Ivan Provorov.
6:08 of 2nd period - Stopped by Joonas Korpisalo without a rebound.
6:09 of 2nd period - Auston Matthews wins face-off versus Vincent Trocheck in Rangers zone.
6:17 of 2nd period - Shot by Auston Matthews.
6:17 of 2nd period - Shot Blocked by Noel Acciari.
6:33 of 2nd period - Shot by Patrick Kane.
6:33 of 2nd period - Stopped by Joonas Korpisalo without a rebound.
6:34 of 2nd period - Nick Bonino wins face-off versus David Krejci in Rangers zone.
6:42 of 2nd period - Nick Bonino is hit by Ivan Provorov.
7:07 of 2nd period - David Krejci is hit by Matt Niskanen and loses puck.
7:21 of 2nd period - Jakob Silfverberg is hit by Nick Leddy and loses puck.
7:59 of 2nd period - Icing by Vincent Trocheck.
8:00 of 2nd period - Vincent Trocheck wins face-off versus Colin White in Rangers zone.
8:00 of 2nd period - Vincent Trocheck is hit by Tyler Ennis.
8:27 of 2nd period - Shot by Valeri Nichushkin.
8:27 of 2nd period - Stopped by Joonas Korpisalo without a rebound.
8:28 of 2nd period - Connor McDavid wins face-off versus Nick Shore in Rangers zone.
8:50 of 2nd period - Icing by David Savard.
8:51 of 2nd period - Auston Matthews wins face-off versus Connor McDavid in Rangers zone.
9:02 of 2nd period - Shot by Patrick Kane.
9:02 of 2nd period - Stopped by Joonas Korpisalo with a rebound.
9:12 of 2nd period - Shot by Patrick Kane.
9:12 of 2nd period - Stopped by Joonas Korpisalo without a rebound.
9:12 of 2nd period - Joonas Korpisalo from Rangers is injured at 9:12 of 2nd period (Bruised Right Leg).
9:12 of 2nd period - Andrei Vasilevskiy enters game.
9:13 of 2nd period - David Krejci wins face-off versus Cam Atkinson in Rangers zone.
9:18 of 2nd period - Shot by Jakob Silfverberg.
9:18 of 2nd period - Deflect By Ilya Kovalchuk.
9:18 of 2nd period - Shot Misses the Net.
9:49 of 2nd period - Nick Leddy is hit by David Krejci and loses puck.
10:13 of 2nd period - Icing by Ivan Provorov.
10:14 of 2nd period - David Krejci wins face-off versus Connor McDavid in Canadiens zone.
10:14 of 2nd period - David Krejci is hit by Zach Hyman.
10:23 of 2nd period - Icing by Cam Fowler.
10:24 of 2nd period - David Krejci wins face-off versus Connor McDavid in Canadiens zone.
10:24 of 2nd period - David Krejci is hit by Alexander Radulov.
10:38 of 2nd period - Shot by Connor McDavid.
10:38 of 2nd period - Shot Misses the Net.
10:45 of 2nd period - Nate Schmidt is hit by Erik Cernak and loses puck.
11:16 of 2nd period - Shot by Teuvo Teravainen.
11:16 of 2nd period - Shot Misses the Net.
11:25 of 2nd period - Off-side.
11:26 of 2nd period - Vincent Trocheck wins face-off versus Colin White in neutral zone.
12:01 of 2nd period - Shot by Matt Niskanen.
12:01 of 2nd period - Shot Misses the Net.
12:42 of 2nd period - Nick Bonino is hit by Artturi Lehkonen and loses puck.
13:08 of 2nd period - Shot by Nick Shore.
13:08 of 2nd period - Shot Blocked by Devin Shore.
13:10 of 2nd period - Shot by Nick Shore.
13:10 of 2nd period - Stopped by Andrei Vasilevskiy with a rebound.
13:34 of 2nd period - Shot by Teuvo Teravainen.
13:34 of 2nd period - Stopped by Andrei Vasilevskiy without a rebound.
13:35 of 2nd period - Connor McDavid wins face-off versus David Krejci in Rangers zone.
13:44 of 2nd period - Shot by Alexander Radulov.
13:44 of 2nd period - Shot Misses the Net.
14:37 of 2nd period - Shot by Patrick Kane.
14:37 of 2nd period - Shot Misses the Net.
14:45 of 2nd period - Shot by Ivan Provorov.
14:45 of 2nd period - Shot Misses the Net.
15:16 of 2nd period - Shot by Vincent Trocheck.
15:16 of 2nd period - Stopped by Tuukka Rask without a rebound.
15:17 of 2nd period - Nick Bonino wins face-off versus Tyler Ennis in Canadiens zone.
15:32 of 2nd period - Shot by Nick Bonino.
15:32 of 2nd period - Shot Blocked by Danny DeKeyser.
15:34 of 2nd period - Shot by Dmitry Kulikov.
15:34 of 2nd period - Stopped by Tuukka Rask without a rebound.
15:35 of 2nd period - David Krejci wins face-off versus Vincent Trocheck in Canadiens zone.
15:47 of 2nd period - Shot by Vincent Trocheck.
15:47 of 2nd period - Shot Misses the Net.
16:06 of 2nd period - Cam Atkinson is hit by Nate Schmidt and loses puck.
16:51 of 2nd period - Tyler Ennis is hit by Dmitry Kulikov and loses puck.
16:57 of 2nd period - Colin White is hit by Dmitry Kulikov and loses puck.
17:07 of 2nd period - Colin White is hit by Erik Cernak and loses puck.
17:36 of 2nd period - Shot by Nick Bonino.
17:36 of 2nd period - Stopped by Tuukka Rask without a rebound.
17:37 of 2nd period - Connor McDavid wins face-off versus Auston Matthews in Canadiens zone.
17:46 of 2nd period - Shot by Connor McDavid.
17:46 of 2nd period - Deflect By Alexander Radulov.
17:46 of 2nd period - Shot Misses the Net.
18:04 of 2nd period - Shot by Connor McDavid.
18:04 of 2nd period - Shot Misses the Net.
18:06 of 2nd period - Shot by Zach Hyman.
18:06 of 2nd period - Shot Misses the Net.
19:21 of 2nd period - Shot by Devin Shore.
19:21 of 2nd period - Shot Misses the Net.
19:27 of 2nd period - Shot by Milan Lucic.
19:27 of 2nd period - Stopped by Tuukka Rask without a rebound.
19:28 of 2nd period - Vincent Trocheck wins face-off versus David Krejci in Canadiens zone.
19:28 of 2nd period - Vincent Trocheck is hit by Josh Morrissey.
19:48 of 2nd period - Nate Schmidt is hit by Matt Niskanen and loses puck.
19:52 of 2nd period - Minor Penalty to Matt Niskanen for Hooking.
19:53 of 2nd period - David Krejci wins face-off versus Nick Bonino in Rangers zone.
Goals for this period are 0 for Canadiens vs 0 for Rangers.
Shots for this period are 8 for Canadiens vs 7 for Rangers.

3rd period


0:01 of 3rd period - Patrick Kane wins face-off versus Nick Bonino in neutral zone.
0:06 of 3rd period - Shot by Ivan Provorov.
0:06 of 3rd period - Stopped by Andrei Vasilevskiy without a rebound.
0:07 of 3rd period - Nick Bonino wins face-off versus Patrick Kane in Rangers zone.
1:22 of 3rd period - Shot by Josh Morrissey.
1:22 of 3rd period - Shot Misses the Net.
1:24 of 3rd period - Shot by Nate Schmidt.
1:24 of 3rd period - Shot Blocked by Erik Cernak.
1:26 of 3rd period - Shot by Ilya Kovalchuk.
1:26 of 3rd period - Stopped by Andrei Vasilevskiy without a rebound.
1:27 of 3rd period - David Krejci wins face-off versus Nick Bonino in Rangers zone.
1:46 of 3rd period - Shot by Josh Morrissey.
1:46 of 3rd period - Stopped by Andrei Vasilevskiy with a rebound.
2:00 of 3rd period - Shot by Colin White.
2:00 of 3rd period - Shot Blocked by Erik Cernak.
2:05 of 3rd period - Minor Penalty to Erik Cernak for Tripping.
2:06 of 3rd period - Vincent Trocheck wins face-off versus Auston Matthews in Rangers zone.
2:17 of 3rd period - Cal Clutterbuck is hit by Patrick Kane and loses puck.
4:17 of 3rd period - Shot by Nick Shore.
4:17 of 3rd period - Shot Misses the Net.
4:36 of 3rd period - Shot by Loui Eriksson.
4:36 of 3rd period - Stopped by Andrei Vasilevskiy without a rebound.
4:37 of 3rd period - Brandon Pirri wins face-off versus Colin White in Rangers zone.
4:37 of 3rd period - Brandon Pirri is hit by Tyler Ennis.
4:48 of 3rd period - Minor Penalty to Nate Schmidt for High sticking.
4:49 of 3rd period - Nick Shore wins face-off versus Connor McDavid in Canadiens zone.
5:06 of 3rd period - Shot by Connor McDavid.
5:06 of 3rd period - Shot Misses the Net.
5:37 of 3rd period - Icing by Matt Niskanen.
5:38 of 3rd period - Vincent Trocheck wins face-off versus Nick Shore in Rangers zone.
7:00 of 3rd period - Icing by Dmitry Kulikov.
7:01 of 3rd period - Brandon Pirri wins face-off versus Colin White in Rangers zone.
7:01 of 3rd period - Brandon Pirri is hit by Colin White.
7:07 of 3rd period - Colin White is hit by Brandon Pirri and loses puck.
7:14 of 3rd period - Shot by Milan Lucic.
7:14 of 3rd period - Shot Misses the Net.
7:32 of 3rd period - Shot by Brandon Pirri.
7:32 of 3rd period - Stopped by Tuukka Rask without a rebound.
7:33 of 3rd period - Auston Matthews wins face-off versus Nick Bonino in Canadiens zone.
7:45 of 3rd period - Icing by David Savard.
7:46 of 3rd period - Jakob Silfverberg wins face-off versus Nick Bonino in Rangers zone.
7:52 of 3rd period - Jakob Silfverberg is hit by David Savard.
8:04 of 3rd period - Shot by Ilya Kovalchuk.
8:04 of 3rd period - Stopped by Andrei Vasilevskiy without a rebound.
8:05 of 3rd period - Auston Matthews wins face-off versus Zach Hyman in Rangers zone.
9:17 of 3rd period - Shot by Vincent Trocheck.
9:17 of 3rd period - Shot Misses the Net.
9:25 of 3rd period - Shot by Vincent Trocheck.
9:25 of 3rd period - Stopped by Tuukka Rask without a rebound.
9:26 of 3rd period - David Krejci wins face-off versus Nick Bonino in Canadiens zone.
9:41 of 3rd period - Cal Clutterbuck is hit by David Krejci and loses puck.
9:48 of 3rd period - Shot by Jakob Silfverberg.
9:48 of 3rd period - Stopped by Andrei Vasilevskiy without a rebound.
9:49 of 3rd period - Colin White wins face-off versus Brandon Pirri in Rangers zone.
9:52 of 3rd period - Shot by Valeri Nichushkin.
9:52 of 3rd period - Shot Blocked by Nick Leddy.
11:19 of 3rd period - Shot by Alexander Radulov.
11:19 of 3rd period - Stopped by Tuukka Rask without a rebound.
11:20 of 3rd period - Nick Shore wins face-off versus Vincent Trocheck in Canadiens zone.
11:20 of 3rd period - Nick Shore is hit by Vincent Trocheck.
11:34 of 3rd period - Shot by Nick Shore.
11:34 of 3rd period - Shot Misses the Net.
11:40 of 3rd period - Shot by Ivan Provorov.
11:40 of 3rd period - Shot Misses the Net.
11:45 of 3rd period - Icing by Erik Cernak.
11:46 of 3rd period - Auston Matthews wins face-off versus Cam Atkinson in Rangers zone.
11:48 of 3rd period - Teuvo Teravainen is hit by Erik Cernak and loses puck.
12:22 of 3rd period - Icing by Danny DeKeyser.
12:23 of 3rd period - Auston Matthews wins face-off versus Zach Hyman in Canadiens zone.
12:23 of 3rd period - Auston Matthews is hit by Zach Hyman.
12:55 of 3rd period - Shot by Jakob Silfverberg.
12:55 of 3rd period - Stopped by Andrei Vasilevskiy without a rebound.
12:56 of 3rd period - Colin White wins face-off versus Nick Bonino in Rangers zone.
13:27 of 3rd period - Shot by Colin White.
13:27 of 3rd period - Deflect By Tyler Ennis.
13:27 of 3rd period - Stopped by Andrei Vasilevskiy without a rebound.
13:28 of 3rd period - Vincent Trocheck wins face-off versus David Krejci in Rangers zone.
13:37 of 3rd period - Shot by Jakob Silfverberg.
13:37 of 3rd period - Stopped by Andrei Vasilevskiy without a rebound.
13:38 of 3rd period - Connor McDavid wins face-off versus Auston Matthews in Rangers zone.
13:50 of 3rd period - Auston Matthews is hit by Nick Leddy and loses puck.
13:52 of 3rd period - Double Minor Penalty to Matt Niskanen for Roughing.
13:53 of 3rd period - David Krejci wins face-off versus Nick Bonino in Rangers zone.
13:57 of 3rd period - Minor Penalty to David Savard for Tripping.
13:58 of 3rd period - Nick Bonino wins face-off versus Auston Matthews in Rangers zone.
14:06 of 3rd period - Icing by Patrick Kane.
14:07 of 3rd period - Nick Bonino wins face-off versus Auston Matthews in Canadiens zone.
14:24 of 3rd period - Shot by Patrick Kane.
14:24 of 3rd period - Shot Misses the Net.
14:42 of 3rd period - Shot by Ivan Provorov.
14:42 of 3rd period - Shot Misses the Net.
14:44 of 3rd period - Shot by Patrick Kane.
14:44 of 3rd period - Shot Hit the Post.
14:46 of 3rd period - Shot by Teuvo Teravainen.
14:46 of 3rd period - Shot Misses the Net.
14:48 of 3rd period - Shot by Cam Fowler.
14:48 of 3rd period - Shot Misses the Net.
15:01 of 3rd period - Icing by Josh Morrissey.
15:02 of 3rd period - Nick Bonino wins face-off versus David Krejci in Canadiens zone.
15:09 of 3rd period - Shot by Josh Morrissey.
15:09 of 3rd period - Shot Misses the Net.
16:15 of 3rd period - Shot by Patrick Kane.
16:15 of 3rd period - Deflect By Auston Matthews.
16:15 of 3rd period - Goal by Auston Matthews - Canadiens : 1 - Rangers : 0.
16:16 of 3rd period - Connor McDavid wins face-off versus Colin White in neutral zone.
16:38 of 3rd period - Valeri Nichushkin is hit by Alexander Radulov.
16:49 of 3rd period - Shot by Connor McDavid.
16:49 of 3rd period - Deflect By Alexander Radulov.
16:49 of 3rd period - Shot Misses the Net.
17:57 of 3rd period - Auston Matthews is hit by Matt Niskanen.
18:26 of 3rd period - Jakob Silfverberg is hit by Cam Atkinson and loses puck.
19:00 of 3rd period - Rangers, Andrei Vasilevskiy is pulled from the net.
19:04 of 3rd period - Shot by Nick Bonino.
19:04 of 3rd period - Stopped by Tuukka Rask without a rebound.
19:05 of 3rd period - Connor McDavid wins face-off versus Nick Shore in Canadiens zone.
19:08 of 3rd period - Shot by Connor McDavid.
19:08 of 3rd period - Stopped by Tuukka Rask without a rebound.
19:09 of 3rd period - Connor McDavid wins face-off versus Nick Shore in Canadiens zone.
19:09 of 3rd period - Andrew Ladd is hit by Ivan Provorov.
19:21 of 3rd period - Shot by Cam Fowler.
19:21 of 3rd period - Goal by Cam Fowler - Canadiens : 2 - Rangers : 0.
19:21 of 3rd period - Andrei Vasilevskiy from Rangers was sent back in the game.
19:22 of 3rd period - Auston Matthews wins face-off versus Brandon Pirri in neutral zone.
19:26 of 3rd period - Patrick Kane is hit by Dmitry Kulikov and loses puck.
19:32 of 3rd period - Off-side.
19:33 of 3rd period - Nick Shore wins face-off versus Connor McDavid in neutral zone.
Goals for this period are 2 for Canadiens vs 0 for Rangers.
Shots for this period are 11 for Canadiens vs 5 for Rangers.